 Dungeon Crawl Stone Soup version 0.31-b1-18-g61460d1e46 (webtiles) character file.

Game seed: 326490234046649550

2313919 tmcgee265 the Invulnerable (level 27, 240/240 HPs)
             Began as a Barachi Brigand on Jan 15, 2024.
             Was a High Priest of the Shining One.
             Escaped with the Orb
             ... and 4 runes on Jan 16, 2024!
             The game lasted 05:15:07 (72751 turns).

tmcgee265 the Invulnerable (Barachi Brigand)       Turns: 72751, Time: 05:15:07

Health: 240/240    AC: 38    Str: 31    XL:     27
Magic:  37/37      EV: 23    Int: 19    God:    the Shining One [*****.]
Gold:   4573       SH: 24    Dex: 19    Spells: 26/26 levels left

rFire   + + +        x - +9 eveningstar (holy)
rCold   + + +        Y - +1 tower shield {AC+3}
rNeg    + + .        g - +9 gold dragon scales
rPois   +            (helmet restricted)
rElec   +            s - scarf of Jepemm {repulsion, Slay+3}
rCorr   .            T - +0 pair of gloves of Immorality {rC+}
SInv    +            W - +0 pair of boots of Jiluatsa {rElec rPois}
Will    ++...        y - amulet of Coronation {Spirit rPois Regen+ Int+3 SInv} Stlth
                     l - ring "Nalosuawn" {rF++ Str+6 Dex+2 Slay+2}
HPRegen 1.40/turn    c - ring of Wu Jian's Castigation {rElec rC+ EV+5 Int+3 Dex+3}
MPRegen 0.25/turn

%: repel missiles, guardian spirit
@: glowing, slow
A: amphibious, slowness 1, strong legs 2, +LOS, antennae 1, deformed body,
deterioration 1, poison resistance, shaggy fur 1, wild magic 1
0: Orb of Zot
}: 4/15 runes: barnacled, silver, abyssal, gossamer
a: Hop, Renounce Religion, Divine Shield, Cleansing Flame, Summon Divine Warrior


You escaped.
You worshipped the Shining One.
The Shining One was extremely pleased with you.
You visited 11 branches of the dungeon, and saw 51 of its levels.
You visited the Abyss 1 time.
You also visited: Trove.

You collected 8453 gold pieces.
You spent 3880 gold pieces at shops.

Inventory:

Hand Weapons
 x - a +9 eveningstar of holy wrath (weapon)
Missiles
 d - 47 poisoned darts
 e - 24 javelins
 f - 4 throwing nets
 n - 43 boomerangs
 r - 3 curare-tipped darts
 w - 18 silver javelins (quivered)
Armour
 g - +9 gold dragon scales (worn)
 j - a +1 helmet of intelligence
 q - a +5 plate armour of willpower
 s - the scarf of Jepemm (worn) {repulsion, Slay+3}
   (You acquired it on level 2 of the Spider Nest)

   Slay+3:    It affects your accuracy & damage with ranged weapons and melee
   (+3).
 T - the +0 pair of gloves of Immorality (worn) {rC+}
   (You found it on level 2 of the Shoals)

   rC+:       It protects you from cold.
 W - the +0 pair of boots of Jiluatsa (worn) {rElec rPois}
   (You found it on level 6 of the Dungeon)

   rElec:     It insulates you from electricity.
   rPois:     It protects you from poison
 Y - a +1 tower shield of protection (worn)
Jewellery
 c - the ring of Wu Jian's Castigation (right hand) {rElec rC+ EV+5 Int+3 Dex+3}
   (You took it off Ilsuiw on level 4 of the Shoals)

   [ring of evasion]

   EV+5:      It affects your evasion (+5).
   Int+3:     It affects your intelligence (+3).
   Dex+3:     It affects your dexterity (+3).
   rC+:       It protects you from cold.
   rElec:     It insulates you from electricity.
 l - the ring "Nalosuawn" (left hand) {rF++ Str+6 Dex+2 Slay+2}
   (You found it in a treasure trove)

   [ring of strength]

   Str+6:     It affects your strength (+6).
   Dex+2:     It affects your dexterity (+2).
   Slay+2:    It affects your accuracy & damage with ranged weapons and melee
   (+2).
   rF++:      It greatly protects you from fire.
 y - the amulet of Coronation (around neck) {Spirit rPois Regen+ Int+3 SInv}
   (You took it off a deep elf annihilator on level 3 of the Elven Halls)

   [amulet of guardian spirit]

   Spirit:    It causes incoming damage to be divided between your reserves of
   health and magic.
   Int+3:     It affects your intelligence (+3).
   rPois:     It protects you from poison SInv: It lets you see invisible.
   Regen+:    It increases your rate of health regeneration.
Wands
 a - a wand of digging (14)
 u - a wand of flame (110)
 v - a wand of mindburst (56)
 G - a wand of polymorph (47)
 K - a wand of charming (106)
 M - a wand of roots (36)
 S - a wand of light (54)
Scrolls
 i - 2 scrolls of summoning
 k - 6 scrolls of immolation
 o - 10 scrolls of teleportation
 z - 10 scrolls of fear
 F - 3 scrolls of silence
 J - 7 scrolls of blinking
 R - a scroll of revelation
 X - 7 scrolls of fog
Potions
 b - 3 potions of resistance
 m - 6 potions of heal wounds
 p - 5 potions of might
 t - 3 potions of haste
 B - 4 potions of berserk rage
 C - a potion of magic
 D - 17 potions of curing
 E - 12 potions of ambrosia
 I - 4 potions of cancellation
 L - 6 potions of enlightenment
 Q - 4 potions of lignification
 V - 3 potions of mutation
Miscellaneous
 N - a phial of floods
 O - a phantom mirror
 U - a box of beasts


   Skills:
 + Level 24.7 Fighting
 - Level 2.1 Short Blades
 O Level 27 Maces & Flails
 - Level 16.0 Throwing
 O Level 27 Armour
 - Level 20.0 Dodging
 - Level 3.6 Stealth
 - Level 20.0 Shields
 - Level 20.0 Invocations


You had 26 spell levels left.
You didn't know any spells.
Your spell library was empty.

Dungeon Overview and Level Annotations

Branches:
Dungeon (15/15)            Temple (1/1) D:4            Lair (5/5) D:10
 Shoals (4/4) Lair:3       Spider (4/4) Lair:3        Slime (0/5) Lair:5
    Orc (2/2) D:9             Elf (3/3) Orc:2        Vaults (5/5) D:13
  Crypt (3/3) Vaults:3       Tomb (0/3) Crypt:3      Depths (4/4) D:15
    Zot (5/5) Depths:4

Altars:
Ashenzari
Cheibriados
Dithmenos
Elyvilon
Fedhas
Gozag
Hepliaklqana
Kikubaaqudgha
Makhleb
Nemelex Xobeh
Okawaru
Qazlal
Ru
Sif Muna
Trog
Uskayaw
Vehumet
Wu Jian
Xom
Yredelemnul
Zin
The Shining One
Lugonu

Shops:
D:4 [:*   D:6 ?((*   D:9 *:(:   Orc:1 (   Orc:2 (:=*   Elf:2 *   Elf:3 (!***
Shoals:1 *   Shoals:4 *   Vaults:3 *?[   Vaults:4 [   Depths:4 =[:[

Portals:
Hell: Depths:1 Depths:2 Depths:3 Depths:4
Abyss: Depths:1 Depths:3
Pandemonium: Depths:2 Depths:3 Depths:4
Ziggurat: Depths:1

Annotations:
D:4 1 runed translucent door, Arctor's ghost, amateur NaEn
Shoals:1 2 transporters, KappaVara's ghost, adept DsFi


Innate Abilities, Weirdness & Mutations

You are amphibious.
You cover ground slowly.
You can hop long distances.
You have an extended range of vision and can be seen from far away.
You have a pair of small antennae on your head.
Armour fits poorly on your strangely shaped body.
Your body sometimes deteriorates upon taking damage.
Your system is resistant to poisons. (rPois)
You are covered in fur. (AC +1)
Your spells are a little harder to cast, but a little more powerful.


Message History

a +0 leather armour; a +0 hand axe; a +0 mace A hell beast comes into view.
There is an open door here.
A hell beast is nearby!
You perforate the hell beast like a sieve!!!
The hell beast convulses!!
The hell beast is almost dead.
You block the hell beast's attack. x2
You perforate the hell beast like a sieve!!!
You kill the hell beast!
The Shining One accepts your kill.
There is a stone staircase leading up here.
You climb upwards.
There is a stone staircase leading down here.
Aiming: Dig
Press: ? - help, Shift-Dir - straight line This square is lit by a halo and is covered in magical glow.
The rock shatters into small pieces.
Unknown command.
There is a stone staircase leading up here.
You climb upwards.
There is a stone staircase leading down here.
You see here a +0 hand axe.
There is an open door here.
There is a stone staircase leading up here.
You climb upwards.
Level annotation: 1 runed translucent door, Arctor's ghost, amateur NaEn
There is a stone staircase leading down here.
There is a stone staircase leading up here.
You climb upwards.
There is a stone staircase leading down here.
There is a stone staircase leading up here.
You climb upwards.
There is a stone staircase leading down here.
You see here a +0 dagger.
There is a stone staircase leading up here.
You climb upwards.
There is a stone staircase leading down here.
There is a staircase leading out of the dungeon here.
You have escaped!

...................>####
.....############.###
.....# #..#### .....#
####.....# .....#
#.....##.# ######
####.8....#.##
#≈≈≈.........##
#≈§§≈.........#
#§≈§§.@8..8...#
#§≈≈§......:..#
#§§≈.......#.##
####.8....##.#
#.....###.# ####......#
########


There were no monsters in sight!

Vanquished Creatures
  A pandemonium lord (Zot:1)
  Frederick (Vaults:3)
  5 ancient liches
  3 orbs of fire (Zot:5)
  4 dread liches
  Mennas (Depths:4)
  A juggernaut (Depths:3)
  Sojobo (Crypt:2)
  Josephina (Depths:4)
  Boris (twice) (Vaults:1 Vaults:4)
  Parghit (Zot:3)
  5 Killer Klowns
  Margery (Crypt:2)
  3 caustic shrikes
  2 curse toes (Zot:5)
  10 golden dragons
  Jory (Vaults:3)
  the Enchantress (Depths:2)
  Arachne (Spider:4)
  2 bone dragons
  2 electric golems (Zot:5)
  A hellephant (Crypt:2)
  Zenata (Crypt:2)
  23 Orb Guardians
  Rupert (D:12)
  15 tentacled monstrosities
  A deep elf blademaster (Elf:2)
  8 liches
  A walking frostbound tome (Depths:3)
  A quicksilver dragon (Zot:1)
  A walking earthen tome (Depths:3)
  2 deep elf master archers (Elf:3)
  12 titans
  6 sphinxes
  4 ancient champions
  3 krakens
  5 death cobs
  15 storm dragons
  8 shadow dragons
  9 tengu reavers
  2 protean progenitors (Zot:3)
  4 draconian monks
  Ilsuiw (Shoals:4)
  5 draconian knights
  A revenant (Crypt:3)
  A draconian scorcher (Zot:1)
  3 draconian shifters
  10 deep elf sorcerers
  10 fire giants
  15 frost giants
  A curse skull (Crypt:2)
  A balrug (Depths:2)
  22 vault wardens
  4 deep elf elementalists (Elf:3)
  3 ghost moths
  2 draconian stormcallers
  A cacodemon (Zot:5)
  3 orc warlords
  An angel (Abyss:3)
  10 ghouls
  A draconian annihilator (Zot:2)
  2 reapers
  19 stone giants
  5 spriggan defenders
  7 vampire knights
  3 broodmothers
  10 very ugly things
  22 ironbound preservers
  Nessos (Lair:5)
  7 ironbound thunderhulks
  2 lorocyprocas
  10 deep elf annihilators
  8 deep elf death magi
  5 yellow draconians
  8 green draconians
  8 black draconians
  8 deep elf demonologists
  8 red draconians
  Azrael (Spider:1)
  3 white draconians
  4 purple draconians
  7 dire elephants
  4 spark wasps
  3 war gargoyles
  An eidolon (Crypt:2)
  A blizzard demon (Depths:4)
  16 ettins
  9 merfolk impalers
  A starcursed mass (Abyss:3)
  5 entropy weavers
  4 hydras
  7 deep elf high priests
  11 merfolk javelineers
  A shambling mangrove (Abyss:3)
  15 fire dragons
  A hell beast (D:7)
  Harold (D:10)
  17 yaktaur captains
  2 rakshasas
  4 great orbs of eyes
  38 vault guards
  10 spriggan air magi
  Erolcha (Orc:1)
  12 ice dragons
  2 spriggan skeletons (Crypt:3)
  2 jorogumos
  2 peacekeepers
  An alligator (Shoals:3)
  An anaconda (shapeshifter) (Vaults:4)
  8 merfolk avatars
  8 centaur warriors
  2 radroaches (Spider:4)
  7 ironbound frosthearts
  6 ogre magi
  2 fenstrider witch skeletons
  2 two-headed ogres (shapeshifter)
  4 alligator snapping turtles (Shoals:3)
  12 boulder beetles
  29 dancing weapons
  A death knight (D:15)
  7 merfolk aquamancers
  Erica (D:10)
  2 torpor snails (shapeshifter) (Depths:4)
  7 deep troll earth magi
  2 catoblepae
  4 satyrs
  13 tengu warriors
  12 two-headed ogres
  7 demonic crawlers
  A vampire mage (Depths:3)
  Urug (D:11)
  3 death yaks (Lair:5)
  7 deep troll shamans
  A shock serpent (shapeshifter) (Vaults:3)
  An orc high priest (Elf:3)
  5 spriggan berserkers
  2 occultists (Depths:1)
  A soul eater (Crypt:3)
  2 skysharks (Shoals:2)
  9 hell knights
  14 deep elf knights
  5 sun demons
  31 skeletal warriors
  6 fire crabs
  3 shadow wraiths
  2 titan skeletons (Crypt:3)
  3 iron trolls
  A wretched star (Abyss:3)
  4 glowing orange brains
  A goliath frog (Shoals:3)
  A skyshark (shapeshifter) (Depths:3)
  The ghost of groovy9 the Destroyer, a novice DECj of Vehumet (D:9)
  A sixfirhy (Depths:2)
  4 orb spiders
  A bunyip skeleton (Crypt:3)
  52 deep trolls
  22 sea snakes
  A golden dragon zombie (Crypt:2)
  5 arcanists
  9 pharaoh ants
  A swamp dragon (Lair:5)
  8 deep elf archers
  2 flayed ghosts
  A harpy (shapeshifter) (D:15)
  3 sun moths
  2 anaconda skeletons (Crypt:3)
  A bog body (Crypt:2)
  6 lindwurms
  13 phantasmal warriors
  3 orc sorcerers
  18 ironbound convokers
  26 deep elf pyromancers
  22 deep elf zephyrmancers
  15 steelbarb worms
  9 necromancers
  23 harpies
  7 orc knights
  2 fire giant zombies (Depths:1)
  11 wolf spider zombies (Spider:2)
  The ghost of middlethird the Basher, a novice VSFi of Kikubaaqudgha (D:6)
  A frost giant zombie (Crypt:2)
  16 wolf spiders
  A shining eye (Depths:1)
  5 fauns
  An alligator skeleton (Crypt:3)
  A jorogumo skeleton (Crypt:3)
  A shadow dragon skeleton (Crypt:3)
  6 cyclopes
  12 manticores
  12 ugly things
  2 iron dragon skeletons (Crypt:3)
  A centaur zombie (Crypt:2)
  11 merfolk sirens
  26 moths of wrath
  7 elephants (Lair:5)
  21 vault sentinels
  3 kobold blastminers
  2 apocalypse crabs (Abyss:3)
  A rust devil (Depths:3)
  7 meliai
  A frost giant skeleton (Vaults:5)
  9 water nymphs
  4 black mambas
  A hellion (Depths:3)
  3 unseen horrors
  9 cane toads
  11 torpor snails
  An alligator snapping turtle skeleton (Crypt:3)
  A titan simulacrum (Depths:4)
  2 centaur skeletons (Crypt:3)
  A sea snake zombie (Crypt:1)
  A dire elephant skeleton (Crypt:3)
  4 rime drakes (Lair:5)
  2 efreet
  A kobold demonologist (D:11)
  A swamp worm zombie (Crypt:1)
  A grey draconian skeleton (Crypt:1)
  14 yaktaurs
  A guardian mummy (D:15)
  10 komodo dragons
  8 redback zombies (Spider:2)
  35 merfolk
  An ancient zyme (Abyss:3)
  4 tengu conjurers
  A queen bee (shapeshifter) (D:14)
  2 polar bears
  A catoblepas skeleton (Crypt:3)
  A queen bee (Lair:2)
  6 trolls
  3 hornets
  12 blink frogs
  5 harpy skeletons (Crypt:3)
  6 wind drakes
  21 tarantellas
  4 culicivora zombies
  2 glass eyes (Depths:1)
  6 tarantella zombies (Spider:2)
  24 jumping spiders
  15 dream sheep
  10 snapping turtles
  A frost giant simulacrum (Vaults:5)
  22 slime creatures
  An ettin skeleton (Vaults:5)
  A shadow (D:12)
  6 air elementals
  A spriggan (shapeshifter) (D:14)
  3 spriggans
  3 vampires
  A culicivora (shapeshifter) (D:14)
  19 culicivoras
  A ynoxinul (Abyss:3)
  3 small abominations (Abyss:3)
  49 yaks
  23 water elementals
  A slime creature zombie (Crypt:1)
  An orc simulacrum (Crypt:2)
  3 humans (D:13)
  A black mamba skeleton (Crypt:3)
  5 wraiths
  8 basilisks
  7 wyverns
  21 fire elementals
  2 wargs
  Grum (D:11)
  8 steam dragons
  58 redbacks
  Edmund (D:4)
  4 chaos spawn (Elf:2)
  A two-headed ogre zombie (Crypt:1)
  6 vampire mosquitoes
  A swamp worm (shapeshifter) (Elf:2)
  A faun zombie (Crypt:2)
  A deep troll skeleton (Crypt:2)
  7 hell hounds
  4 acid dragons
  12 water moccasins
  A naga skeleton (Crypt:3)
  2 swamp drakes (Lair:5)
  22 laughing skulls
  23 orc warriors
  2 sky beasts
  2 spriggan simulacra
  2 black bears
  A sky beast (shapeshifter) (D:13)
  A boggart (Vaults:1)
  3 wolves
  31 ogres
  4 centaurs
  A lindwurm skeleton (Crypt:2)
  A phantom (D:6)
  3 kobold brigands
  5 earth elementals
  10 bullfrogs
  3 gnoll sergeants
  3 necrophages (Crypt:2)
  3 two-headed ogre simulacra (D:11)
  4 scorpions
  A wight (D:8)
  29 killer bees
  A shapeshifter zombie (Crypt:1)
  3 bombardier beetles
  13 howler monkeys
  An electric eel (Lair:1)
  A jelly (D:8)
  19 orc priests
  3 gnoll boudas
  A hound (D:6)
  2 sleepcaps
  A boggart zombie (Crypt:3)
  4 iguanas (Lair:5)
  18 orc wizards
  An acid dragon zombie (Crypt:3)
  A steam dragon zombie (Crypt:1)
  9 adders
  18 gnolls
  2 naga simulacra (D:11)
  A river rat (D:3)
  3 shadow imps
  3 white imps
  5 ufetubi
  An adder skeleton (Crypt:1)
  3 dart slugs
  2 ribbon worms (D:2)
  72 orcs
  4 bats
  10 endoplasms
  4 giant cockroaches (D:2)
  5 goblins
  10 hobgoblins
  4 jackals (D:4)
  16 kobolds
  4 quokkas
  11 ball pythons
  2 frilled lizards
  A kobold zombie (Crypt:1)
  9 rats
  9 tentacles
2201 creatures vanquished.

Vanquished Creatures (collateral kills)
  An ancient lich (Abyss:3)
  A bone dragon (Crypt:3)
  2 liches
  A deep elf blademaster (Elf:3)
  4 Orb Guardians (Zot:5)
  A tentacled monstrosity (Abyss:3)
  A deep elf master archer (Elf:1)
  A death cob (Zot:2)
  A tengu reaver (Depths:1)
  3 ancient champions (Crypt:3)
  2 shadow dragons
  A revenant (Crypt:3)
  2 draconian monks
  A vault warden (Vaults:4)
  A cacodemon (Zot:3)
  2 ghouls (Crypt:2)
  2 ironbound preservers
  A deep elf elementalist (Elf:1)
  An ironbound thunderhulk (Vaults:1)
  2 stone giants
  2 black draconians
  A deep elf annihilator (Elf:3)
  4 red draconians (Zot:1)
  A purple draconian (Zot:5)
  A yellow draconian (Zot:2)
  An eidolon (Abyss:3)
  2 crystal guardians (Vaults:4)
  2 jiangshi (Crypt:2)
  An ettin (Vaults:5)
  A hydra (Lair:2)
  A rakshasa (Depths:3)
  6 vault guards (Vaults:5)
  A deep elf high priest (Crypt:2)
  A quicksilver dragon skeleton (Crypt:3)
  A peacekeeper (Vaults:4)
  An ice dragon (Depths:3)
  2 ghost crabs (Abyss:3)
  A satyr (Shoals:4)
  4 dancing weapons (Elf:2)
  A deep troll shaman (Depths:3)
  A deep troll earth mage (Depths:2)
  2 tengu warriors (Depths:1)
  A vampire mage (Crypt:2)
  15 skeletal warriors
  2 deep elf knights (Elf:2)
  A sea snake (Shoals:4)
  An arcanist (Vaults:4)
  4 deep trolls
  An anaconda zombie (Crypt:3)
  A glowing orange brain (Depths:1)
  A mana viper (shapeshifter) (Vaults:5)
  2 phantasmal warriors
  A deep elf archer (Elf:1)
  A jorogumo zombie (Crypt:2)
  A faun (Shoals:4)
  3 deep elf pyromancers
  3 necromancers
  An iron dragon skeleton (Crypt:2)
  An ugly thing (Vaults:1)
  A shock serpent skeleton (Crypt:3)
  A vault sentinel (Vaults:5)
  A large abomination (Zot:3)
  A smoke demon (Abyss:3)
  A freezing wraith (Vaults:5)
  A tengu conjurer (Depths:3)
  2 yaktaurs
  An ancient zyme (Abyss:3)
  A harpy zombie (Crypt:3)
  2 hornets
  A harpy skeleton (Crypt:3)
  A glass eye (Depths:3)
  A shadow (Abyss:3)
  A water elemental (Shoals:4)
  2 fire elementals (Zot:1)
  A steam dragon (Lair:5)
  An alligator snapping turtle simulacrum (Crypt:3)
  6 laughing skulls (Crypt:3)
  A snapping turtle zombie (Crypt:3)
  A draconian skeleton (Crypt:2)
  A necrophage (Crypt:2)
  A centaur zombie (Crypt:3)
  A tengu zombie (Crypt:2)
  A tentacle (Abyss:3)
141 creatures vanquished.

Vanquished Creatures (others)
  A deep elf death mage (Crypt:3)
  A purple draconian (Zot:2)
  A fire dragon (Zot:3)
  An ice dragon (Depths:2)
  An ironbound frostheart (Vaults:4)
  A sphinx simulacrum (Depths:4)
  A necromancer (Crypt:3)
  A meliai (D:15)
  A titan simulacrum (Depths:4)
  A glass eye (Zot:5)
  A culicivora (Spider:3)
  A water elemental (Elf:3)
  A fire bat (Abyss:3)
  A chaos spawn (Abyss:3)
  A redback (Spider:1)
  An orc (Elf:3)
  40 spectral weapons
  19 tentacles
75 creatures vanquished.

Grand Total: 2417 creatures vanquished

Notes
Turn   | Place    | Note
-------+----------+-------------------------------------------
     0 | D:1      | tmcgee265 the Barachi Brigand began the quest for the Orb.
     0 | D:1      | Reached XP level 1. HP: 17/17 MP: 1/1
   139 | D:1      | Reached XP level 2. HP: 23/23 MP: 2/2
   582 | D:1      | Reached XP level 3. HP: 28/28 MP: 3/3
  1057 | D:2      | Reached XP level 4. HP: 34/34 MP: 4/4
  2530 | D:2      | Reached skill level 5 in Throwing
  2530 | D:2      | Reached XP level 5. HP: 28/39 MP: 5/5
  2612 | D:3      | Noticed an ogre
  2839 | D:3      | Killed an ogre
  2840 | D:3      | You fall into a shaft and drop 1 floor!
  2840 | D:4      | Found a staircase to the Ecumenical Temple.
  2944 | D:4      | Found Cepeot's Book Shoppe.
  2954 | Temple   | Entered the Ecumenical Temple
  3047 | D:4      | Reached XP level 6. HP: 43/46 MP: 6/6
  3280 | D:3      | Found a sparkling altar of Nemelex Xobeh.
  3433 | D:3      | Noticed a water moccasin
  3461 | D:3      | Killed a water moccasin
  4214 | D:4      | Found Zoxkeop's General Store.
  4280 | D:4      | Reached XP level 7. HP: 49/51 MP: 7/7
  4291 | D:4      | Bought a scroll of identify for 20 gold pieces
  4291 | D:4      | Bought a scroll of identify for 20 gold pieces
  4380 | D:4      | Noticed Edmund
  4400 | D:4      | Killed Edmund
  4597 | D:4      | Found a runed translucent door.
  4623 | D:4      | Noticed Arctor's ghost (amateur NaEn)
  4852 | D:4      | Found Dairr's Antique Armour Shop.
  4856 | D:4      | Bought a glowing chain mail for 157 gold pieces
  4967 | D:5      | Entered Level 5 of the Dungeon
  5060 | D:5      | Found Gelanel's Armour Shop.
  5077 | D:5      | Reached skill level 1 in Maces & Flails
  5145 | D:5      | Found a basalt altar of Yredelemnul.
  5146 | D:5      | Noticed a profane servitor
  5166 | D:5      | Found a glowing golden altar of the Shining One.
  5167 | D:5      | Noticed an angel
  5267 | D:5      | Reached XP level 8. HP: 57/57 MP: 8/8
  5281 | D:5      | Noticed a wyvern
  5289 | D:5      | Killed a wyvern
  5342 | D:5      | Found a stormy altar of Qazlal.
  6103 | D:5      | Became a worshipper of the Shining One
  6467 | D:6      | Found Rytefa's Weapon Emporium.
  6561 | D:6      | Found Jessor's Weapon Shop.
  6571 | D:6      | Reached skill level 10 in Throwing
  6596 | D:5      | Reached skill level 5 in Maces & Flails
  6596 | D:5      | Reached XP level 9. HP: 24/62 MP: 2/9
  6737 | D:6      | Reached * piety under the Shining One
  6738 | D:6      | Noticed middlethird's ghost (novice VSFi)
  6980 | D:6      | Noticed a cyclops
  7000 | D:6      | Found a runed translucent gate.
  7000 | D:6      | Found a runed translucent gate.
  7001 | D:6      | Found a runed translucent gate.
  7270 | D:6      | Found Vofuewif's Magic Scroll Emporium.
  7295 | D:6      | Bought a scroll of blinking for 75 gold pieces
  7326 | D:6      | Found a glowing silver altar of Zin.
  7361 | D:6      | Found Ugunnaruph's General Store.
  8323 | D:7      | Noticed a two-headed ogre
  8455 | D:6      | Bought 2 scrolls of identify for 40 gold pieces
  8455 | D:6      | Bought a scroll of identify for 20 gold pieces
  8455 | D:6      | Bought a scroll of identify for 20 gold pieces
  8700 | D:8      | Reached ** piety under the Shining One
  9040 | D:8      | Reached XP level 10. HP: 46/68 MP: 6/10
  9044 | D:8      | Noticed a deep elf pyromancer
  9342 | D:8      | Killed a deep elf pyromancer
  9525 | D:8      | Found a sacrificial altar of Ru.
  9597 | D:9      | Found Ozxiz's Antique Weapon Shop.
  9608 | D:9      | Found Yfosisux's Assorted Antiques.
  9609 | D:9      | Noticed a two-headed ogre
  9617 | D:9      | Killed a two-headed ogre
  9618 | D:9      | Reached skill level 10 in Maces & Flails
  9629 | D:9      | Found Filaqenk's Book Shoppe.
  9718 | D:9      | Identified the +0 leather armour of Discretion {rF- Regen+
                  | Dex+3}
  9831 | D:9      | Found Moirim's Book Emporium.
  9839 | D:9      | Noticed a boulder beetle
  9856 | D:9      | Killed a boulder beetle
  9857 | D:9      | Reached skill level 5 in Fighting
 10033 | D:9      | Found an ornate altar of the Wu Jian Council.
 10043 | D:9      | Noticed a purple ugly thing
 10053 | D:9      | Killed a purple ugly thing
 10061 | D:9      | Reached XP level 11. HP: 63/81 MP: 9/11
 10262 | D:9      | Noticed a cyclops
 10262 | D:9      | Noticed a wolf spider
 10330 | D:9      | Noticed a two-headed ogre
 10343 | D:9      | Killed a two-headed ogre
 10574 | D:9      | Killed a cyclops
 10576 | D:9      | Killed a wolf spider
 10809 | D:9      | Identified the ring of Bacury Zimp {Ice rCorr Str+5}
 10894 | D:9      | Found a runed translucent gate.
 10894 | D:9      | Found a runed translucent gate.
 10894 | D:9      | Noticed groovy9's ghost (novice DECj)
 10895 | D:9      | Found a runed translucent gate.
 10970 | D:9      | Reached *** piety under the Shining One
 11389 | D:9      | Found a staircase to the Orcish Mines.
 11510 | D:10     | Entered Level 10 of the Dungeon
 11510 | D:10     | Noticed a centaur warrior
 11519 | D:10     | Killed a centaur warrior
 11567 | D:10     | Found a shimmering altar of Xom.
 11683 | D:10     | Found a radiant altar of Vehumet.
 11684 | D:10     | Found a snail-covered altar of Cheibriados.
 11686 | D:10     | Found a white marble altar of Elyvilon.
 11689 | D:10     | Found a bloodstained altar of Trog.
 11689 | D:10     | Found an iron altar of Okawaru.
 11689 | D:10     | Found a broken altar of Ashenzari.
 11695 | D:10     | Found a hazy altar of Hepliaklqana.
 12192 | D:10     | Found a staircase to the Lair.
 12562 | D:10     | Reached skill level 10 in Fighting
 12569 | D:10     | Noticed Erica
 13457 | D:10     | Noticed a boulder beetle
 13471 | D:10     | Killed a boulder beetle
 13472 | D:10     | Reached XP level 12. HP: 94/98 MP: 12/12
 13558 | D:10     | Noticed Harold
 13578 | D:10     | Killed Harold
 13582 | D:10     | Found an opulent altar of Gozag.
 13632 | D:10     | Killed Erica
 14281 | D:11     | Reached **** piety under the Shining One
 14283 | D:11     | Noticed Grum
 14721 | D:11     | Noticed Urug
 14735 | D:11     | Killed Urug
 14957 | D:11     | Killed Grum
 15017 | D:10     | Reached skill level 1 in Invocations
 15359 | Lair:1   | Entered Level 1 of the Lair of Beasts
 15368 | Lair:1   | Identified the amulet of Tuiwintu {Spirit Fly Dex+3}
 15649 | Lair:1   | Reached skill level 5 in Invocations
 16293 | Lair:1   | Gained mutation: You can hop long distances. [Barachi
                  | growth]
 16293 | Lair:1   | Reached XP level 13. HP: 108/108 MP: 16/18
 19334 | Lair:3   | Found a hole to the Spider Nest.
 19478 | Lair:3   | Reached skill level 10 in Invocations
 19721 | Lair:3   | Reached ***** piety under the Shining One
 20762 | D:6      | Bought a +6 dire flail of protection for 404 gold pieces
 21627 | Lair:5   | Entered Level 5 of the Lair of Beasts
 21627 | Lair:5   | Found a staircase to the Slime Pits.
 22433 | Lair:5   | Reached XP level 14. HP: 104/115 MP: 18/22
 22794 | Lair:5   | Noticed a dire elephant
 22830 | Lair:5   | Killed a dire elephant
 23394 | Lair:5   | Noticed a dire elephant
 23444 | Lair:5   | Killed a dire elephant
 23777 | Lair:5   | Noticed Nessos
 23794 | Lair:5   | Killed Nessos
 24485 | Lair:5   | Reached skill level 1 in Armour
 24540 | Lair:5   | Identified the +2 quarterstaff of Responsibility {speed,
                  | rElec}
 24786 | D:6      | Killed middlethird's ghost
 24802 | D:6      | Identified the +0 pair of boots of Jiluatsa {rElec rPois}
 24993 | D:9      | Killed groovy9's ghost
 25276 | D:12     | Reached skill level 5 in Armour
 25690 | D:12     | Noticed Rupert
 25701 | D:12     | Killed Rupert
 26103 | D:13     | Reached skill level 5 in Dodging
 26176 | D:13     | Reached XP level 15. HP: 121/121 MP: 25/25
 26601 | D:13     | Found a gate to the Vaults.
 28188 | D:15     | Entered Level 15 of the Dungeon
 28676 | D:15     | Reached skill level 10 in Armour
 28688 | D:15     | Found a staircase to the Depths.
 29115 | D:15     | Found a portal to a secret trove of treasure.
 29632 | D:15     | You paid a toll of +3 fire dragon scales to enter a
                  | treasure trove
 29633 | Trove    | Entered a treasure trove
 29679 | Trove    | Identified the ring of Qaowem {rN+ Will+ Int-2 SInv}
 29681 | Trove    | Identified the ring "Ydghid" {Fire rCorr Int+3 Dex+2}
 29682 | Trove    | Identified the amulet "Xainoal" {Faith +Inv Fly rC- SInv}
 29683 | Trove    | Identified the ring "Nalosuawn" {rF++ Str+6 Dex+2 Slay+2}
 30551 | Orc:1    | Entered Level 1 of the Orcish Mines
 30781 | Orc:1    | Noticed Erolcha
 30785 | Orc:1    | Killed Erolcha
 30799 | Orc:1    | Found Cam Ylad's Antique Weapon Emporium.
 30973 | Orc:2    | Entered Level 2 of the Orcish Mines
 31018 | Orc:2    | Found a staircase to the Elven Halls.
 31128 | Orc:2    | Reached skill level 10 in Dodging
 31357 | Orc:2    | Reached XP level 16. HP: 127/127 MP: 26/26
 31380 | Orc:2    | Found Kowiov's Assorted Antiques.
 31380 | Orc:2    | Found Doscheer's Jewellery Shoppe.
 31381 | Orc:2    | Found Vamevvoa's Book Shoppe.
 31381 | Orc:2    | Found Giufoe Biuwk's Weapon Shop.
 31663 | Orc:2    | Bought a scroll of teleportation for 78 gold pieces
 32211 | D:4      | Bought a runed plate armour for 546 gold pieces
 32330 | Orc:1    | Bought a glowing eveningstar for 576 gold pieces
 32347 | Orc:1    | Upgraded the game from 0.31-b1-17-gcfd88c8481 to
                  | 0.31-b1-18-g61460d1e46
 32392 | Elf:1    | Entered Level 1 of the Elven Halls
 32540 | Elf:1    | Found a huge runed translucent gate.
 32540 | Elf:1    | Found a huge runed translucent gate.
 32540 | Elf:1    | Found a huge runed translucent gate.
 32540 | Elf:1    | Found a huge runed translucent gate.
 32540 | Elf:1    | Found a huge runed translucent gate.
 32541 | Elf:1    | Found a huge runed translucent gate.
 32541 | Elf:1    | Found a huge runed translucent gate.
 32541 | Elf:1    | Found a huge runed translucent gate.
 32541 | Elf:1    | Found a huge runed translucent gate.
 32541 | Elf:1    | Found a huge runed translucent gate.
 32541 | Elf:1    | Found a huge runed translucent gate.
 32541 | Elf:1    | Found a huge runed translucent gate.
 32541 | Elf:1    | Found a huge runed translucent gate.
 32541 | Elf:1    | Found a huge runed translucent gate.
 32541 | Elf:1    | Found a huge runed translucent gate.
 32541 | Elf:1    | Found a huge runed translucent gate.
 32542 | Elf:1    | Found a huge runed translucent gate.
 32542 | Elf:1    | Found a huge runed translucent gate.
 32542 | Elf:1    | Found a huge runed translucent gate.
 32542 | Elf:1    | Noticed a deep elf master archer
 32543 | Elf:1    | Found a huge runed translucent gate.
 32927 | Elf:1    | Identified the +9 chain mail of the Doldrums {Harm Str+3}
 33217 | Elf:1    | Paralysed by an air elemental for 1 turns
 34142 | Elf:1    | Killed a deep elf master archer
 34814 | Elf:2    | Paralysed by an air elemental for 1 turns
 35438 | Elf:2    | Reached skill level 15 in Armour
 35440 | Elf:2    | Reached XP level 17. HP: 131/133 MP: 27/27
 35748 | Elf:2    | Found a runed translucent gate.
 35749 | Elf:2    | Found a runed translucent gate.
 35749 | Elf:2    | Found a runed translucent gate.
 35813 | Elf:2    | Found Ziatapamu's Assorted Antiques.
 35824 | Elf:2    | Bought a fizzy white potion for 30 gold pieces
 35945 | Elf:2    | Noticed a deep elf blademaster
 35959 | Elf:2    | Killed a deep elf blademaster
 36944 | Elf:3    | Entered Level 3 of the Elven Halls
 37094 | Elf:3    | Reached skill level 1 in Shields
 37100 | Elf:3    | Noticed a deep elf master archer
 37510 | Elf:3    | Killed a deep elf master archer
 38085 | Elf:3    | Noticed a deep elf blademaster
 38114 | Elf:3    | Paralysed by an air elemental for 1 turns
 38131 | Elf:2    | Paralysed by an air elemental for 1 turns
 38368 | Elf:3    | Found Alailid's Assorted Antiques.
 38368 | Elf:3    | Paralysed by an air elemental for 1 turns
 38373 | Elf:3    | Paralysed by an air elemental for 1 turns
 38435 | Elf:3    | Found Xauxe's Distillery.
 38438 | Elf:3    | Bought a scroll of identify for 64 gold pieces
 38438 | Elf:3    | Bought a scroll of identify for 64 gold pieces
 38438 | Elf:3    | Bought a scroll of blinking for 240 gold pieces
 38441 | Elf:3    | Bought a scroll of identify for 64 gold pieces
 38448 | Elf:3    | Bought a potion of haste for 140 gold pieces
 38448 | Elf:3    | Bought a potion of heal wounds for 70 gold pieces
 38490 | Elf:3    | Reached skill level 15 in Maces & Flails
 38623 | Elf:3    | Found Oduith's Antique Weapon Emporium.
 38664 | Elf:3    | Killed a deep elf blademaster
 38796 | Elf:3    | Found Qabbifim's Assorted Antiques.
 38797 | Elf:3    | Found Pyriu's General Store.
 38806 | Elf:3    | Bought a scroll of teleportation for 39 gold pieces
 39175 | Elf:3    | Identified the -2 kite shield of Tempters {Int+3}
 39182 | Elf:3    | Reached skill level 5 in Shields
 39196 | Elf:3    | Identified the +7 halberd "Thing" {venom, rF+ rCorr Dex-4
                  | SInv}
 39220 | Elf:3    | Identified the +1 scimitar of False Hope {venom, rC+ MP+9
                  | Str+3 Dex+3}
 39248 | Elf:3    | Reached XP level 18. HP: 140/140 MP: 24/28
 39421 | Elf:3    | Identified the +9 falchion "Wakino" {vamp, rC+ rN+ Str+5}
 39421 | Elf:3    | Identified the +1 leather armour "Pyno" {Harm Str+8 Dex-4
                  | Stlth-}
 39421 | Elf:3    | Identified the amulet of Coronation {Spirit rPois Regen+
                  | Int+3 SInv}
 39427 | Elf:3    | Identified the ring of Daisies {Fire ^Contam rN+++ Str+4
                  | Dex-5}
 39487 | Elf:3    | Noticed a deep elf master archer
 39494 | Elf:3    | Identified the +6 war axe of Jushrykha {drain, rF+}
 39496 | Elf:3    | Identified the +2 glaive of Dust {holy, Str+3 Stlth+}
 39696 | Elf:3    | Killed a deep elf master archer
 40178 | Elf:3    | Bought a scroll of enchant weapon for 247 gold pieces
 40178 | Elf:3    | Bought a scroll of teleportation for 99 gold pieces
 40242 | Elf:3    | Bought a potion of haste for 140 gold pieces
 40534 | Spider:1 | Entered Level 1 of the Spider Nest
 40763 | Spider:1 | Noticed Azrael
 40784 | Spider:1 | Killed Azrael
 41875 | Spider:2 | Reached ****** piety under the Shining One
 42193 | Spider:2 | Identified a scroll of acquirement
 42840 | Spider:3 | Reached XP level 19. HP: 146/146 MP: 29/29
 43102 | Spider:3 | Reached XP level 20. HP: 153/153 MP: 30/30
 43497 | Spider:4 | Entered Level 4 of the Spider Nest
 43504 | Spider:4 | Noticed Arachne
 44348 | Spider:4 | Killed Arachne
 44748 | Spider:4 | Got a gossamer rune of Zot
 44979 | Shoals:1 | Entered Level 1 of the Shoals
 44980 | Shoals:1 | Found a transporter.
 45084 | Shoals:1 | Noticed KappaVara's ghost (adept DsFi)
 45166 | Shoals:1 | Found Higg's Assorted Antiques.
 45192 | Shoals:1 | Found a transporter.
 45235 | Shoals:1 | Bought a scroll of teleportation for 90 gold pieces
 45354 | Shoals:1 | Acquired the scarf of Jepemm {repulsion, Slay+3}
 45985 | Shoals:2 | Identified the +0 pair of gloves of Immorality {rC+}
 46257 | Shoals:2 | Identified the +8 quarterstaff of Eminent Domain {holy,
                  | rElec rF+ Str+2}
 46405 | Shoals:2 | Reached XP level 21. HP: 154/159 MP: 28/31
 46431 | Shoals:2 | You fall into a shaft and drop 1 floor!
 46576 | Shoals:3 | Identified the +0 buckler of Usakum {rF- rCorr Int+4}
 47649 | Shoals:3 | Reached skill level 15 in Invocations
 47806 | Shoals:4 | Entered Level 4 of the Shoals
 47913 | Shoals:4 | Identified the ring of Wu Jian's Castigation {rElec rC+
                  | EV+5 Int+3 Dex+3}
 47913 | Shoals:4 | Noticed Ilsuiw
 47927 | Shoals:4 | Killed Ilsuiw
 47979 | Shoals:4 | Reached skill level 15 in Shields
 48050 | Shoals:4 | Identified the +8 rapier of Xuigiwer {pain, Str+2 Dex+2}
 48519 | Shoals:4 | Found Ownixzom's General Store.
 48524 | Shoals:4 | Bought a scroll of blinking for 75 gold pieces
 48609 | Shoals:4 | Got a barnacled rune of Zot
 49262 | Shoals:4 | Reached XP level 22. HP: 170/170 MP: 34/34
 49550 | Vaults:1 | Entered Level 1 of the Vaults
 50311 | Vaults:1 | Reached XP level 23. HP: 125/176 MP: 23/35
 50573 | Vaults:1 | Noticed Boris
 50582 | Vaults:1 | Killed Boris
 53048 | Vaults:3 | Found a staircase to the Crypt.
 53048 | Vaults:3 | Found an ancient bone altar of Kikubaaqudgha.
 53049 | Vaults:3 | Found a basalt altar of Yredelemnul.
 53065 | Vaults:3 | Found Wazoun's Magic Scroll Shop.
 53079 | Vaults:3 | Bought a scroll of blinking for 142 gold pieces
 53216 | Vaults:3 | Identified the orb "Sook" {light, rElec Str+3}
 53216 | Vaults:3 | Noticed Frederick
 53233 | Vaults:3 | Killed Frederick
 53408 | Vaults:3 | Found Xirphos's Armour Boutique.
 53564 | Vaults:3 | Noticed Jory
 53577 | Vaults:3 | Killed Jory
 53730 | Vaults:3 | Reached XP level 24. HP: 177/182 MP: 35/36
 53879 | Vaults:3 | Found Geken's Assorted Antiques.
 53886 | Vaults:3 | Bought a scroll of blinking for 217 gold pieces
 54156 | Crypt:1  | Entered Level 1 of the Crypt
 54469 | Crypt:1  | Identified a +9 eveningstar of holy wrath (a +8 spectral
                  | eveningstar blessed by the Shining One)
 54469 | Crypt:1  | Received a gift from the Shining One
 55124 | Crypt:2  | Reached skill level 15 in Throwing
 55273 | Crypt:2  | Noticed Sojobo
 55299 | Crypt:2  | Killed Sojobo
 55861 | Crypt:2  | Noticed Margery
 55876 | Crypt:2  | Killed Margery
 55916 | Crypt:2  | Noticed Zenata
 55931 | Crypt:2  | Killed Zenata
 56138 | Crypt:3  | Entered Level 3 of the Crypt
 56281 | Crypt:3  | Found a staircase to the Tomb.
 56584 | Crypt:3  | Found a basalt altar of Yredelemnul.
 56703 | Crypt:3  | Noticed a dread lich
 56723 | Crypt:3  | Killed a dread lich
 57000 | Crypt:3  | Reached XP level 25. HP: 191/191 MP: 37/37
 57707 | Vaults:4 | Noticed Boris
 57716 | Vaults:4 | Reached skill level 15 in Dodging
 57725 | Vaults:4 | Killed Boris
 57728 | Vaults:4 | Reached skill level 15 in Fighting
 58255 | Vaults:4 | Found Wazoun's Armour Emporium.
 58429 | Vaults:4 | Noticed a dread lich
 58434 | Vaults:4 | Paralysed by a dread lich for 5 turns
 58444 | Vaults:4 | Killed a dread lich
 58691 | Depths:1 | Entered Level 1 of the Depths
 58715 | Depths:1 | Found a one-way gateway to a ziggurat.
 59112 | Depths:1 | Found a shadowy altar of Dithmenos.
 59171 | Depths:1 | Found a one-way gate to the infinite horrors of the Abyss.
 59307 | Depths:1 | Found a gateway to Hell.
 59745 | Depths:2 | Found a one-way gate leading to the halls of Pandemonium.
 59816 | Depths:2 | You fall into a shaft and drop 1 floor!
 60056 | Depths:2 | Paralysed by a vampire knight for 5 turns
 60129 | Depths:2 | Noticed an ancient lich
 60129 | Depths:2 | Identified the +1 robe of the Valley of Death {Harm
                  | *Corrode rN+ Str+6}
 60129 | Depths:2 | Noticed the Enchantress
 60135 | Depths:2 | Killed an ancient lich
 60152 | Depths:2 | Reached XP level 26. HP: 200/211 MP: 28/37
 60188 | Depths:2 | Killed the Enchantress
 60810 | Depths:2 | Found the +3 crown of Dyrovepreva {rElec Int+2 SInv}
 61462 | Depths:3 | Noticed a juggernaut
 61474 | Depths:3 | Killed a juggernaut
 61776 | Depths:3 | Identified the +4 chain mail of Indomitability {+Blink +Inv
                  | SInv}
 61886 | Depths:3 | Identified the +0 scale mail "Romeuw" {Harm}
 61945 | Depths:3 | Identified the +2 scale mail "Qoruep" {rCorr MP+9}
 62045 | Depths:3 | Found a corrupted altar of Lugonu.
 62420 | Depths:3 | Acquired 1040 gold pieces
 62424 | Depths:3 | Acquired a manual of Armour
 62431 | Depths:4 | Entered Level 4 of the Depths
 62768 | Depths:4 | Found a gate to the Realm of Zot.
 62976 | Depths:4 | Noticed Mennas
 62996 | Depths:4 | Killed Mennas
 63168 | Depths:4 | Reached XP level 27. HP: 224/224 MP: 37/37
 63196 | Depths:4 | Found Gotueg's Book Shop.
 63196 | Depths:4 | Found Ilonnoynil's Armour Boutique.
 63220 | Depths:4 | Found Xarphoshe's Antique Armour Shop.
 63220 | Depths:4 | Found Rocei's Jewellery Boutique.
 63369 | Depths:4 | Identified the ring "Igidame" {Ice rElec Dex+6}
 63369 | Depths:4 | Noticed Josephina
 63382 | Depths:4 | Killed Josephina
 63891 | Vaults:3 | Bought a glowing morningstar for 203 gold pieces
 63909 | Vaults:5 | Entered Level 5 of the Vaults
 64024 | Abyss:3  | Cast into level 3 of the Abyss (a deep elf sorcerer)
 64101 | Abyss:3  | Found a corrupted altar of Lugonu.
 64109 | Abyss:3  | Found a corrupted altar of Lugonu.
 64135 | Abyss:3  | Noticed an ancient lich
 64139 | Abyss:3  | Killed an ancient lich
 64225 | Abyss:3  | Got an abyssal rune of Zot
 64240 | Abyss:3  | Found a corrupted altar of Lugonu.
 64249 | Vaults:5 | Escaped the Abyss
 64285 | Vaults:5 | Found the +3 salamander hide armour {Flames, rFlCloud rF++
                  | rC--}
 64371 | Vaults:5 | Identified the ring of the Five Queens {rC+ rN+ Int+6}
 64547 | Vaults:5 | Identified the ring of Levity {rF+ rC+ MP+9 Str-5 Dex+7}
 64548 | Vaults:5 | Identified the +5 plate armour of the Lychee {rPois Str-3
                  | Slay+3 SInv}
 64946 | Vaults:5 | Got a silver rune of Zot
 65245 | Vaults:5 | Identified the +1 troll leather armour of Makhleb's Reproof
                  | {Regen+ SInv}
 65384 | Vaults:5 | Identified the staff of Saltpetre {rPois Dex+3 Conj Earth}
 65393 | Vaults:5 | Identified the +3 morningstar "Ecuaxzimu" {pain, Int+3
                  | Stlth+}
 65512 | Vaults:5 | Identified the +1 leather armour "Vociocre" {rF+ rC-
                  | Will+++ Dex+3 Stlth+}
 65748 | Vaults:5 | Identified the +4 chain mail of a ziggurat {Dex+4}
 66102 | Zot:1    | Entered Level 1 of the Realm of Zot
 66474 | Zot:1    | Reached skill level 27 in Armour
 68820 | Zot:3    | Noticed Parghit
 68871 | Zot:3    | Killed Parghit
 70276 | Zot:5    | Entered Level 5 of the Realm of Zot
 70544 | Zot:5    | Noticed a dread lich
 70867 | Zot:5    | Killed a dread lich
 70950 | Zot:5    | Noticed an ancient lich
 70958 | Zot:5    | Killed an ancient lich
 71022 | Zot:5    | Noticed an orb of fire
 71028 | Zot:5    | Gained mutation: You sometimes lose your temper in combat.
                  | [an orb of fire]
 71029 | Zot:5    | Identified the +8 tower shield "Earthly Heaven" {rElec
                  | rPois Str-4 Int+3}
 71036 | Zot:5    | Gained mutation: You occasionally lose the ability to read
                  | scrolls when taking damage. [an orb of fire]
 71042 | Zot:5    | Killed an orb of fire
 71420 | Zot:5    | Lost mutation: You sometimes lose your temper in combat.
                  | [potion of mutation]
 71420 | Zot:5    | Lost mutation: You occasionally lose the ability to read
                  | scrolls when taking damage. [potion of mutation]
 71420 | Zot:5    | Gained mutation: Your spells are a little harder to cast,
                  | but a little more powerful. [potion of mutation]
 71420 | Zot:5    | Gained mutation: You are covered in fur. (AC +1) [potion of
                  | mutation]
 71420 | Zot:5    | Gained mutation: Armour fits poorly on your strangely
                  | shaped body. [potion of mutation]
 71420 | Zot:5    | Gained mutation: Your mind is acute. (Int +4, Str/Dex -1)
                  | [potion of mutation]
 71453 | Zot:5    | Noticed a dread lich
 71476 | Zot:5    | Killed a dread lich
 71487 | Zot:5    | Noticed an ancient lich
 71489 | Zot:5    | Noticed an orb of fire
 71492 | Zot:5    | Gained mutation: Your body sometimes deteriorates upon
                  | taking damage. [an orb of fire]
 71496 | Zot:5    | Noticed an orb of fire
 71498 | Zot:5    | Noticed an ancient lich
 71526 | Zot:5    | Gained mutation: You are vulnerable to cold. (rC-) [an orb
                  | of fire]
 71531 | Zot:5    | Killed an orb of fire
 71535 | Zot:5    | Killed an ancient lich
 71540 | Zot:5    | Noticed an ancient lich
 71549 | Zot:5    | Killed an orb of fire
 71561 | Zot:5    | Killed an ancient lich
 71569 | Zot:5    | Killed an ancient lich
 71745 | Zot:5    | Lost mutation: You are vulnerable to cold. (rC-) [potion of
                  | mutation]
 71745 | Zot:5    | Lost mutation: Your mind is acute. (Int +4, Str/Dex -1)
                  | [potion of mutation]
 71745 | Zot:5    | Gained mutation: Your system is resistant to poisons.
                  | (rPois) [potion of mutation]
 71745 | Zot:5    | Gained mutation: You have a pair of small antennae on your
                  | head. [potion of mutation]
 71947 | Zot:5    | Reached skill level 27 in Maces & Flails
 72136 | Zot:5    | Got the Orb of Zot
 72226 | Zot:3    | Noticed Heosteb the pandemonium lord
 72315 | Zot:1    | Noticed Minaw the pandemonium lord
 72325 | Zot:1    | Identified the +3 tower shield of Ecvuji {^Contam rF+ rC+
                  | Dex+3}
 72334 | Zot:1    | Killed Minaw the pandemonium lord
 72751 | D:$      | Escaped with the Orb!

Illustrated notes

Levels and vault maps discovered:
D:1:      grunt_arrival_lava_bath, layout_basic
D:2:      layout_basic, minmay_split_cup_large
D:3:      layout_rooms, nemelex_xobeh_ov_fountains_minmay, gup_sewer_entry_bowl,
          saegor_snake_ambush
D:4:      layout_loops_ring, minmay_temple_entry_tees, serial_shops,
          nicolae_shop_tiny_waterfront, nicolae_shop_just_a_little_nook,
          nicolae_shop_back_alley_shop, gammafunk_ghost_grave, uniq_edmund
D:5:      layout_basic, grunt_temple_overflow_holy_war,
          nicolae_qazlal_eye_of_the_storm, serial_shops, nicolae_shop_scrapyard,
          hangedman_abyss_or_decor_stabs
D:6:      layout_rooms, nicolae_overflow_hidden_temple, gammafunk_ghost_split,
          serial_shops, shop, nicolae_shop_bloodbath_and_beyond,
          nicolae_square_shop, shop, serial_demonic, serial_demonic_e,
          serial_demonic_d, serial_demonic_e, serial_demonic_c
D:7:      layout_basic, serial_rivers, chequers_serial_rivers_large_b,
          chequers_serial_rivers_micro_a, chequers_serial_rivers_small_b,
          chequers_serial_rivers_micro_c, lightli_corner_chamber
D:8:      layout_cave_pools, nicolae_ru_the_path_less_chosen,
          minmay_increasing_density
D:9:      minmay_shrinking_squares, layout_basic, mainiacjoe_overflow_catwalk,
          david_orc_4, biasface_ghost_orc_armoury, serial_shops,
          nicolae_shop_trees, shop, shop, nicolae_shop_just_a_little_nook,
          minmay_starry_boxes
D:10:     layout_basic, minitemple, general_overflow_altar,
          lemuel_coloured_pillars_altar, erik_lair_dragon, uniq_erica,
          uniq_harold
D:11:     layout_cave_pools, portal_ice_cave_entry_ice_simulacra,
          dreamdust_gnoll_shepherd, uniq_urug, uniq_grum
D:12:     hangedman_cross_stitches, layout_cave_pools, uniq_rupert
D:13:     layout_roguey, hellmonk_vaults_keyhole
D:14:     layout_basic, hangedman_decor_lopped
D:15:     hangedman_depths_entry_civil_slaughter, layout_loops_ring,
          nicolae_concentric_dashed_squares_mild,
          nicolae_trove_entry_path_of_doom
Temple:   hellmonk_temple_micro_hex
Lair:1:   layout_long_grid, minmay_stone_trees_medium, grunt_megastairs_4,
          serial_bayou_shore_a, lemuel_fruit_tree
Lair:2:   layout_small_grid, special_room [special_room_bee],
          beast_lair_carwin_11
Lair:3:   layout_loops_ring, nicolae_shoals_entry_flooding, dummy_spider_entry,
          infiniplex_staircase_pool
Lair:4:   layout_cave_pods
Lair:5:   guppyfry_lair_end_dragon, layout_cave_pods, hangedman_lair_in_review,
          slime_entry_1, uniq_nessos
Shoals:1: nicolae_shoals_island_circles, layout_shoals,
          gammafunk_ghost_berserking_beasts, serial_shops, shop
Shoals:2: cheibrodos_shoals_three_sisters, layout_shoals,
          nicolae_shoals_isolated_beach
Shoals:3: layout_shoals, nicolae_shoals_goliath_grotto
Shoals:4: shoals_end_simple, layout_shoals, shoal_ilsuiw, serial_shops,
          nicolae_shop_hallway_plus
Spider:1: layout_spider_delve, drop_trap, nicolae_spider_shape, uniq_azrael
Spider:2: lemuel_spider_zombies
Spider:3: layout_spider_delve, drop_trap, hangedman_spider_tarantella_strand
Spider:4: hellmonk_spider_rune_bug_friends, uniq_arachne
Orc:1:    layout_caves, serial_shops, shop, uniq_erolcha
Orc:2:    st_orc_ogre_mass, layout_caves
Elf:1:    eino_elf_arrival_sip, layout_onion_city, hangedman_elf_represent,
          serial_library_hellmonk_semicircle, minivault_27
Elf:2:    nicolae_elf_blades_crystal_corner, layout_loops_cross, serial_shops,
          nicolae_lakefront_shop, minivault_26,
          nicolae_elf_free_trip_to_the_abyss
Elf:3:    minmay_elf_hall_x, layout_geoelf_grid, serial_shops,
          nicolae_shop_tiny_statue_garden, shop, nicolae_shop_trees, shop, shop,
          grunt_megastairs_5
Vaults:1: hangedman_vaults_hat, v_pattern_2, hangedman_vaults_slither,
          nicolae_vaults_shipping_containers_3,
          vaults_room_grunt_arrival_ludios, grunt_vaults_diagonal,
          nicolae_vaults_double_plus_1, hangedman_vaults_snaps,
          nicolae_vaults_ninety_degrees, nicolae_vaults_storage_room_doors,
          v_misc_13, hangedman_vaults_stretched_pinwheel, vaults_mumra_lcd,
          nicolae_vaults_rhombus_5, hangedman_vaults_stretched_pinwheel,
          nicolae_vaults_little_squares_4, layout_vaults_omnibox, uniq_boris
Vaults:2: dpeg_vaults_pockets_of_resistance, nicolae_vaults_border_crossing,
          v_misc_27, nicolae_vaults_little_squares_3, nicolae_vaults_alarming,
          nicolae_vaults_cochlea, nicolae_vaults_house_2,
          nicolae_vaults_weapon_check, vaults_room_corners,
          layout_vaults_quadrants
Vaults:3: nicolae_vaults_lightning_bolt, minmay_crypt_entry_necro_gods,
          grunt_vaults_twisty, vaults_dpeg_emergency_exit,
          nicolae_vaults_security_offices_6,
          nicolae_vaults_taking_the_gang_shopping, nicolae_vaults_double_plus_3,
          hangedman_vaults_pinch, nicolae_vaults_storage_room_statues,
          nicolae_vaults_little_squares_3, ontoclasm_vaults_idyll,
          nicolae_vaults_trapezoid_2, nicolae_vaults_heist,
          layout_vaults_big_room, serial_shops, nicolae_shop_trees, shop,
          uniq_jory, uniq_frederick
Vaults:4: nicolae_vaults_six-pack, grunt_vaults_swirl,
          nicolae_vaults_turnstiles, nicolae_vaults_double_plus_2, v_misc_15,
          vaults_dpeg_cross, grunt_vaults_hallway_short,
          nicolae_vaults_ring_of_whatevers, nicolae_vaults_double_plus_1,
          nicolae_vaults_more_shelving_1, nicolae_vaults_double_plus_1,
          hangedman_vaults_restitches, hangedman_vaults_maws,
          nicolae_vaults_shipping_containers_5, nicolae_vaults_tangram_1,
          serial_library_hellmonk_semicircle, nicolae_vaults_tetromino_T_1,
          layout_vaults_big_cross, serial_shops, shop
Vaults:5
Crypt:1:  layout_chaotic_city, serial_co_window_serial, co_window_paths_a,
          co_window_paths_b, co_window_corner_a, co_window_of_opportunity_a,
          co_window_corner_a, co_window_broadway_b, co_window_unsneaky_path_c,
          co_window_cross_4, co_window_corner_ca, co_window_broadway_b,
          co_window_4corner_a, co_window_paths_d, glass_columns_b,
          glass_columns_b, glass_columns_a, glass_columns_b, glass_columns_b
Crypt:2:  layout_catacombs, uniq_margery, uniq_zenata, uniq_sojobo
Crypt:3:  church_of_pain_bobbens, layout_chaotic_city,
          tomb_entry_forgotten_bobbens, feat_on_display
Depths:1: layout_cave_shapes, enter_ziggurat_c, hangedman_coc_ice_floe,
          grunt_dithmenos_smoke, nicolae_abyss_entry_one_way_or_another,
          grunt_ministairs_7, dreamdust_wishing_well, hangedman_aviary,
          serial_bayou_shore_b
Depths:2: minmay_the_grid_4x2 [minmay_the_grid_slots,
          minmay_the_grid_holed_spiral, minmay_the_grid_gridbox,
          minmay_the_grid_empty, minmay_the_grid_tri_star,
          minmay_the_grid_aliased_spiral, minmay_the_grid_square_x,
          minmay_the_grid_prize_diamond_cup], layout_gridlike,
          minmay_misc_feat_cross, rand_demon_pan_entry_8, hangedman_geh_valley,
          mu_enter_wizlab_6, infiniplex_staircase_door_maze, uniq_enchantress
Depths:3: hangedman_box_tower, layout_basic, rand_demon_pan_entry_1, hell_entry,
          abyss_entry_flame_altar
Depths:4: grunt_zot_entry_tricorne, layout_small_grid, rand_demon_pan_entry_3,
          hell_entry, minmay_shoptagon, infiniplex_staircase_pool_lava,
          uniq_mennas, uniq_josephina
Zot:1:    lemuel_firehouse, layout_cathedral_of_symmetry,
          regret_index_zotdec_plus
Zot:2:    layout_gridlike
Zot:3:    layout_misc_corridors, grunt_megastairs_1, uniq_parghit
Zot:4:    layout_concentric_octagons
Zot:5:    layout_basic

Skill      XL: |  1  2  3  4  5  6  7  8  9 10 11 12 13 14 15 16 17 18 19 20 21 22 23 24 25 26 27 |
---------------+----------------------------------------------------------------------------------+-----
Throwing       | 3 4 5 6 7 8 10 12 14 16 | 16.0
Maces & Flails | 2 5 7 11 13 14 15 18 20 23 27 | 27.0
Fighting       | 6 10 12 13 14 18 20 24 | 24.7
Invocations    | 6 11 14 16 17 19 20 | 20.0
Armour         | 6 11 15 17 19 20 27 | 27.0
Dodging        | 5 10 13 14 17 19 20 | 20.0
Shields        | 5 9 11 13 15 16 18 20 | 20.0
Short Blades   | |  2.1
Stealth        | |  3.6

Action                     |  1- 3 |  4- 6 |  7- 9 | 10-12 | 13-15 | 16-18 | 19-21 | 22-24 | 25-27 || total
---------------------------+-------+-------+-------+-------+-------+-------+-------+-------+-------++-------
  Melee: Dagger            |    99 |   228 |       |       |       |       |       |       |       ||   327
         Punch             |     2 |     3 |       |       |       |       |       |       |       ||     5
         Mace              |       |    44 |    22 |       |       |       |       |       |       ||    66
         Flail             |       |       |   280 |   560 |   274 |       |       |       |       ||  1114
         Dire flail        |       |       |       |       |   827 |   414 |       |       |       ||  1241
         Eveningstar       |       |       |       |       |       |   598 |   719 |   911 |  2732 ||  4960
  Throw: Dart              |       |    18 |    14 |    54 |     9 |       |       |       |       ||    95
         Stone             |       |     1 |       |    23 |       |       |       |       |       ||    24
         Boomerang         |       |       |       |    27 |    12 |     7 |       |       |       ||    46
         Throwing net      |       |       |       |     3 |       |       |       |       |       ||     3
         Javelin           |       |       |       |       |       |       |       |       |    10 ||    10
 Invoke: Divine Shield     |       |       |       |       |    12 |    17 |     5 |    11 |    35 ||    80
         Cleansing Flame   |       |       |       |       |     2 |     2 |     1 |     3 |     5 ||    13
         Summon Divine War |       |       |       |       |     1 |     4 |     2 |     7 |    22 ||    36
         Brand Weapon With |       |       |       |       |       |       |       |     1 |       ||     1
Ability: Hop               |       |     1 |     2 |     5 |     4 |     4 |     1 |     1 |     8 ||    26
  Evoke: Phial of floods   |       |       |       |     1 |       |       |       |       |     1 ||     2
         Phantom mirror    |       |       |       |       |     1 |       |     1 |     1 |     1 ||     4
         Wand              |       |       |       |       |       |       |       |       |     7 ||     7
    Use: Scroll            |       |     3 |     8 |     9 |    17 |    18 |     7 |     2 |    17 ||    81
         Potion            |       |     2 |     2 |     4 |     2 |     2 |     3 |     2 |    21 ||    38
   Stab: Sleeping          |     5 |     7 |     1 |       |       |       |       |       |       ||    13
         Distracted        |       |     1 |       |       |       |       |       |       |       ||     1
 Armour: Robe              |    34 |       |       |       |       |       |       |       |       ||    34
         Leather armour    |    22 |   202 |     9 |       |       |       |       |       |       ||   233
         Chain mail        |       |       |   454 |   446 |   850 |    20 |       |       |       ||  1770
         Scale mail        |       |       |     2 |       |       |       |       |       |       ||     2
         Plate armour      |       |       |       |       |       |   641 |   431 |   319 |   907 ||  2298
         Gold dragon scale |       |       |       |       |       |       |       |       |   238 ||   238
  Dodge: Dodged            |    52 |   172 |   151 |   135 |   348 |   389 |   322 |   321 |  1147 ||  3037
         Repelled          |       |       |       |       |       |       |     6 |    16 |    71 ||    93
  Block: Buckler           |       |    22 |   153 |   169 |   100 |       |       |       |       ||   444
         Other             |       |       |       |       |    51 |    48 |       |       |       ||    99
         Kite shield       |       |       |       |       |       |   318 |    47 |       |       ||   365
         Reflection        |       |       |       |       |       |    11 |       |       |       ||    11
         Tower shield      |       |       |       |       |       |       |   854 |  1035 |  3518 ||  5407
